 Dungeon Crawl Stone Soup version 0.22.1-1-ga44c0e5 (webtiles) character file.

1213 harcile the Slasher (level 8, -11/105 HPs)
             Began as a Hill Orc Fighter on Oct 8, 2018.
             Was an Elder of Uskayaw.
             Mangled by an ice beast (15 damage)
             ... on level 5 of the Dungeon.
             The game lasted 00:14:31 (3645 turns).

harcile the Slasher (Hill Orc Fighter)              Turns: 3645, Time: 00:14:31

Health: -11/105    AC: 24    Str: 20    XL:     8   Next: 46%
Magic:  10/10      EV:  2    Int:  8    God:    Uskayaw [****..]
Gold:   276        SH: 10    Dex: 11    Spells: 7/7 levels left

rFire    . . .     SeeInvis +   a - +0 long sword
rCold    . . .     Gourm    .   c - +0 shield
rNeg     + + +     Faith    .   (armour currently unavailable)
rPois    +         Spirit   .   (helmet currently unavailable)
rElec    .         Reflect  .   (cloak currently unavailable)
rCorr    .         Harm     +   (gloves currently unavailable)
MR       .....     NoTele   +   (boots currently unavailable)
Stlth    ++........             w - amulet of harm
HPRegen  0.27/turn              y - ring of see invisible
MPRegen  0.12/turn              (no ring)

@: tree-form
A: no striking features
a: Stomp, Line Pass, Renounce Religion


You were on level 5 of the Dungeon.
You worshipped Uskayaw.
Uskayaw was noncommittal.
You were hungry.
You were a tree.
You visited 1 branch of the dungeon, and saw 5 of its levels.
You also visited: Ossuary.

You collected 276 gold pieces.

Inventory:

Hand Weapons
 a - a +0 long sword (weapon)
 o - a cursed -3 spear
Armour
 c - a +0 shield (worn)
 j - a +0 chain mail
 p - a +0 helmet (melded)
 t - a scarf of repulsion (melded)
 u - a cursed +0 ring mail (melded)
 x - a +5 ring mail
Jewellery
 s - an uncursed ring of ice
 w - an amulet of harm (around neck)
 y - a ring of see invisible (left branch)
Scrolls
 e - 3 scrolls of amnesia
 h - 2 scrolls of teleportation
 l - 2 scrolls of remove curse
 r - a scroll of identify
Potions
 d - 3 potions of might
 g - 2 potions of haste
 i - 3 potions of degeneration
 k - a potion of heal wounds
 m - 6 potions of curing
 n - 2 potions of magic
 q - 3 potions of flight
 A - a potion of mutation {unknown}
Comestibles
 f - 10 rations
 v - 3 chunks of flesh


   Skills:
 * Level 5.8 Fighting
 + Level 6.6 Long Blades
 + Level 4.9 Armour
 + Level 2.1 Dodging
 + Level 1.2 Stealth
 + Level 5.5 Shields
 * Level 3.6 Invocations


You had 7 spell levels left.
You didn't know any spells.
Your spell library was empty.

Dungeon Overview and Level Annotations

Branches:
Dungeon (5/15)
 Temple: D:4-7

Altars:
Cheibriados
Uskayaw
Yredelemnul


Message History

You closely miss the ice beast.
The ice beast is severely wounded.
The ice beast hits you but does no damage.
You hit the ice beast but do no damage.
The ice beast is severely wounded.
The ice beast hits you but does no damage.
You hit the ice beast but do no damage.
The ice beast is severely wounded.
You are feeling hungry.
You block the ice beast's attack.
The ice beast hits you but does no damage.
You closely miss the ice beast.
The ice beast is severely wounded.
You block the ice beast's attack.
You closely miss the ice beast.
The ice beast is severely wounded.
The ice beast hits you.
* * * LOW HITPOINT WARNING * * *
The ice beast freezes you!
You die...

...###...# #.#
#.#...### #.#### .##
##...### #....) ...O#
##.<### ####))
...ooJ##.....# ##..
#.>†>....# ####...
####.###...####.....#
##)# ...#......###
#.♣# ####.##.### #Y##
##<....#
#....######....###
#...#####......###
...# ##..#.<### .#
#.....## #######


You could see an ice beast.

Vanquished Creatures
  Grinder (D:5)
  2 ogres
  4 water moccasin zombies (Ossuary)
  4 orc priests (D:4)
  2 orc wizards
  A centaur skeleton (D:5)
  A bullfrog skeleton (D:3)
  3 worker ants (D:4)
  2 big kobold zombies (Ossuary)
  2 mummies (Ossuary)
  Robin (D:2)
  3 gnolls (D:5)
  2 adders
  3 oozes
  7 adder zombies (Ossuary)
  2 worms (D:3)
  10 dart slugs
  22 orcs
  4 giant cockroaches
  13 goblins
  10 hobgoblins
  6 jackals (D:1)
  A quokka (D:4)
  A ball python (D:1)
  11 bats
  6 frilled lizards
  4 gnoll zombies (Ossuary)
  4 hobgoblin zombies (Ossuary)
  9 kobolds
  5 kobold zombies (Ossuary)
  4 orc zombies (Ossuary)
  A quokka zombie (D:4)
  7 rats
  A rat zombie (D:4)
159 creatures vanquished.

Notes
Turn   | Place    | Note
-------+----------+-------------------------------------------
     0 | D:1      | harcile the Hill Orc Fighter began the quest for the Orb.
     0 | D:1      | Reached XP level 1. HP: 19/19 MP: 1/1
    74 | D:1      | Reached XP level 2. HP: 21/27 MP: 2/2
   265 | D:1      | Reached XP level 3. HP: 15/33 MP: 3/3
   563 | D:2      | Noticed Robin
   568 | D:2      | Reached skill level 3 in Long Blades
   582 | D:2      | Killed Robin
   678 | D:2      | Reached XP level 4. HP: 27/40 MP: 4/4
  1202 | D:3      | Found a snail-covered altar of Cheibriados.
  1335 | D:3      | Found a basalt altar of Yredelemnul.
  1670 | D:3      | Reached XP level 5. HP: 43/46 MP: 5/5
  1672 | D:3      | Reached skill level 4 in Long Blades
  1817 | D:3      | Noticed a hand axe
  1817 | D:3      | Noticed a hand axe
  1818 | D:3      | Found a hide-covered altar of Uskayaw.
  1834 | D:3      | Became a worshipper of Uskayaw the Reveler
  1890 | D:3      | Reached * piety under Uskayaw
  2159 | D:4      | Reached ** piety under Uskayaw
  2191 | D:4      | Found a sand-covered staircase.
  2202 | D:4      | Reached skill level 1 in Dodging
  2206 | Ossuary  | Entered an ossuary
  2239 | Ossuary  | Reached XP level 6. HP: 44/53 MP: 6/6
  2254 | Ossuary  | Reached *** piety under Uskayaw
  2265 | Ossuary  | Reached **** piety under Uskayaw
  2278 | Ossuary  | Reached skill level 5 in Long Blades
  2496 | Ossuary  | Reached XP level 7. HP: 54/60 MP: 7/7
  2665 | D:4      | Reached skill level 1 in Invocations
  2732 | D:4      | Reached skill level 5 in Fighting
  2773 | D:4      | Reached skill level 5 in Shields
  2875 | D:4      | Reached skill level 6 in Long Blades
  2882 | D:4      | Reached ***** piety under Uskayaw
  3456 | D:5      | Entered Level 5 of the Dungeon
  3481 | D:5      | Reached XP level 8. HP: 69/69 MP: 9/9
  3542 | D:5      | Noticed Grinder
  3547 | D:5      | Paralysed by Grinder for 3 turns
  3579 | D:5      | Paralysed by Grinder for 3 turns
  3585 | D:5      | Killed Grinder
  3585 | D:5      | Reached skill level 1 in Stealth
  3637 | D:5      | HP: 2/105 [ice beast (9)]
  3645 | D:5      | HP: 4/105 [ice beast (1)]
  3645 | D:5      | Mangled by an ice beast

Skill      XL: |  1  2  3  4  5  6  7  8 |
---------------+-------------------------+-----
Long Blades    | 3 4 5 6 |  6.6
Fighting       | 4 5 |  5.8
Shields        | 4 5 |  5.5
Armour         | 4 |  4.9
Dodging        | 1 2 |  2.1
Invocations    | 2 3 |  3.6
Stealth        | 1 |  1.2

Action                   |  1- 3 |  4- 6 |  7- 9 || total
-------------------------+-------+-------+-------++-------
Melee: Long sword        |   129 |   241 |   229 ||   599
  Use: Scroll            |       |     8 |     6 ||    14
       Potion            |       |       |     5 ||     5
 Stab: Paralysed         |       |     3 |     7 ||    10
  Eat: Chunk             |       |     6 |     4 ||    10
Armor: Scale mail        |    81 |    49 |       ||   130
       Ring mail         |       |    62 |    83 ||   145
       Skin              |       |       |    35 ||    35
Dodge: Dodged            |    70 |    79 |    68 ||   217
       Deflected         |       |       |     3 ||     3
Block: Shield            |    94 |   133 |   123 ||   350
       Rpst.: Long sword |    19 |    22 |    27 ||    68
